 Dungeon Sprint DCSS version 0.28-a0-43-g560ac104fe (webtiles) character file.

Game seed: 3753888983851489550

14722 Conn the Scorcher (level 12, -9/74 HPs)
             Began as an Octopode Fire Elementalist on July 28, 2021.
             Was a High Priest of Sif Muna.
             Killed from afar by a fire giant (13 damage)
             ... with a bolt of fire
             ... in the Dungeon (Sprint I: "Red Sonja").
             The game lasted 01:01:13 (5305 turns).

Conn the Scorcher (Octopode Fire Elementalist)      Turns: 5305, Time: 01:01:13

Health: -9/74      AC:  4    Str:  7    XL:     12   Next: 19%
Magic:  16/46      EV: 15    Int: 22    God:    Sif Muna [*****.]
Gold:   374        SH:  7    Dex: 13    Spells: 2/35 levels left

rFire   + + .      SeeInvis .   m - +6 short sword of Destiny {vorpal, rElec rN+ MP+9}
rCold   + . .      Faith    .   q - +2 buckler {AC+3}
rNeg    + . .      Spirit   .   (helmet restricted)
rPois   .          Reflect  .   (no amulet)
rElec   +          Harm     .   n - ring of protection from fire
rCorr   +          Rampage  .   o - ring of resist corrosion
Will    .....      NoTele   +   p - ring of magical power
Stlth   +++++.....              k - ring of wizardry
HPRegen 0.22/turn               r - ring of protection from cold
MPRegen 0.30/turn               f - ring of protection from cold
                                s - ring of fire
                                (no ring)

@: invisible
A: almost no armour, amphibious, 8 rings, camouflage 1, gelatinous body 1,
(nimble swimmer 1), tentacles
a: Renounce Religion, Channel Magic, Forget Spell, Divine Exegesis


You were in the Dungeon.
You worshipped Sif Muna.
Sif Muna was extremely pleased with you.
You visited 1 branch You collected 2935 gold pieces.
You spent 2561 gold pieces at shops.

Inventory:

Hand Weapons
 b - a +0 short sword of distortion
 e - a +0 dagger
 m - the +6 short sword of Destiny (weapon) {vorpal, rElec rN+ MP+9}
   (You found it in the Dungeon)

   It inflicts extra damage upon your enemies.
   rElec:     It insulates you from electricity.
   rN:        It protects you from negative energy.
   MP:        It affects your magic capacity (+9).
Missiles
 g - 3 curare-tipped darts (quivered)
Armour
 q - a +2 buckler of protection (worn)
Magical Staves
 c - a staff of poison
 j - a staff of earth
Jewellery
 f - a ring of protection from cold (on tentacle)
 k - a ring of wizardry (on tentacle)
 n - a ring of protection from fire (left tentacle)
 o - a ring of resist corrosion (right tentacle)
 p - a ring of magical power (on tentacle)
 r - a ring of protection from cold (on tentacle)
 s - a ring of fire (on tentacle)
Wands
 l - a wand of mindburst (14)
Potions
 d - a potion of magic
 h - 2 potions of curing
 i - a potion of flight {unknown}


   Skills:
 + Level 3.9 Fighting
 + Level 4.6 Short Blades
 + Level 1.0 Throwing
 + Level 6.9 Dodging
 + Level 7.5 Stealth
 * Level 6.3 Shields
 + Level 12.3 Spellcasting
 * Level 13.5 Conjurations
 + Level 5.5 Hexes
 - Level 4.4 Summonings
 * Level 17.7 Fire Magic
 + Level 1.2 Ice Magic
 + Level 2.8 Earth Magic
 - Level 5.4 Invocations


You had 2 spell levels left.
You knew the following spells:

 Your Spells              Type           Power      Damage    Failure   Level
a - Foxfire               Conj/Fire      100%       2x1d9     0%          1
b - Ignition              Fire           47%        3d13      9%          8
c - Inner Flame           Hex/Fire       77%        N/A       1%          3
d - Sticky Flame          Conj/Fire      89%        2d10      1%          4
e - Fireball              Conj/Fire      44%        3d18      1%          5
g - Summon Guardian Gole  Hex/Summ       35%        N/A       1%          3
h - Hailstorm             Conj/Ice       45%        3d10      1%          4
i - Bolt of Magma         Conj/Fire/Erth 38%        4d16      1%          5

Your spell library contained the following spells:

 Spells                   Type           Power      Damage    Failure   Level
 Shock                    Conj/Air       100%       1d9       1%          1
 Searing Ray              Conj           100%       3d7       1%          2
 Corpse Rot               Necr/Air       N/A        N/A       3%          2
 Poisonous Vapours        Pois/Air       26%        N/A       3%          2
 Conjure Flame            Conj/Fire      89%        6-21      0%          3
 Call Canine Familiar     Summ           32%        N/A       1%          3
 Portal Projectile        Hex/Tloc       50%        N/A       1%          3
 Tukima's Dance           Hex            37%        N/A       1%          3
 Iskenderun's Battlesphe  Conj           64%        2d11      1%          5
 Starburst                Conj/Fire      44%        8x6d12    1%          6
 Leda's Liquefaction      Hex/Erth       15%        N/A       3%          4
 Irradiate                Conj/Tmut      21%        3d20      3%          5
 Vampiric Draining        Necr           6%         2d6       6%          3
 Summon Ice Beast         Ice/Summ       25%        N/A       6%          4
 Summon Lightning Spire   Summ/Air       23%        N/A       8%          4
 Freezing Cloud           Conj/Ice/Air   17%        6-21      8%          5
 Petrify                  Tmut/Erth      19%        N/A       11%         4
 Ice Form                 Ice/Tmut       16%        N/A       16%         4
 Yara's Violent Unravell  Hex/Tmut       12%        3d7       16%         5
 Dispel Undead            Necr           13%        3d9       19%         4
 Olgreb's Toxic Radiance  Pois           13%        N/A       19%         4
 Passage of Golubria      Tloc           N/A        N/A       19%         4
 Borgnjor's Vile Clutch   Necr/Erth      9%         N/A       28%         5
 Dispersal                Tloc           6%         N/A       95%         6
 Haunt                    Necr/Summ      11%        N/A       99%         7
 Infestation              Necr           6%         N/A       100%        8
 Maxwell's Capacitive Co  Air            6%         ∞         100%        8


Dungeon Overview and Level Annotations

Branches:
Dungeon (1/1)

Altars:
Cheibriados
Dithmenos
Elyvilon
Fedhas
Gozag
Hepliaklqana
Kikubaaqudgha
Makhleb
Nemelex Xobeh
Okawaru
Qazlal
Ru
Sif Muna
Trog
Uskayaw
Vehumet
Wu Jian
Xom
Yredelemnul
Zin
The Shining One
Jiyva
Lugonu

Shops:
D !=[[=*([[=[!((*:*=*[[


Innate Abilities, Weirdness & Mutations

You cannot wear most types of armour.
You are amphibious.
You can wear up to eight rings at the same time.
Your skin changes colour to match your surroundings (Stealth+).
Your rubbery body absorbs attacks. (AC +1, EV +1)
((You are camouflaged near water. (Stealth+)))
You have tentacles for arms and can constrict up to eight enemies at once.


Message History

The fire giant is severely wounded.
The fire giant is engulfed in blazing flames.
Casting: Hailstorm (dangerous; 1% risk of failure)
Confirm with . or Enter, or press ? or * to list all spells.
Aiming: Bolt of Magma (dangerous; 1% risk of failure)
Press: ? - help, Shift-Dir - straight line, f - fire giant
Aim: a fire giant, wielding a +0 great sword of flaming (severely wounded, 94% to hit)
You feel a surge of power!
The bolt of magma hits the fire giant.
The fire giant partially resists.
The fire giant is severely wounded.
The fire giant points at you and mumbles some strange words.
The bolt of fire misses you.
Casting: Bolt of Magma (dangerous; 1% risk of failure)
Confirm with . or Enter, or press ? or * to list all spells.
Aiming: Bolt of Magma (dangerous; 1% risk of failure)
Press: ? - help, Shift-Dir - straight line, f - fire giant, p - fire giant
Aim: a fire giant, wielding a +1 great sword of flaming (flame, heavily wounded, 94% to hit)
You feel a surge of power!
The bolt of magma hits the fire giant!!
The fire giant partially resists.
The fire giant is almost dead.
The bolt of magma misses the fire giant.
The fire giant is engulfed in blazing flames.
The fire giant misses you.
Casting: Bolt of Magma (dangerous; 1% risk of failure)
Confirm with . or Enter, or press ? or * to list all spells.
Okay, then.
Unknown command.
Unknown command.
Okay, then.
As you read the scroll labelled APSIRIJ RUPHE, it crumbles to dust.
It is a scroll of identify.
a - a potion of invisibility The fire giant points at you and mumbles some strange words.
The bolt of fire misses you.
The fire giant is engulfed in blazing flames.
You fade into invisibility!
The fire giant points at you and mumbles some strange words.
The bolt of fire hits the fire giant.
The fire giant resists.
The bolt of fire hits you! You resist.
You die...

...'§.#.#
##§§§#######+#§§§§§#
####§.'.# ###§#.(.##
#§.§§§# ..##§####
#.##...# ##§§§§#
..#...°.# #..###.#
###+## ..#.....+
##.#)#.# #(#
#'###○).# #..###.#
#+# #.'.#°○^#
#.##...# ###.#○.##
#..#'### ∩##.#°.#
##@CC# ###.##'#
###C# .##.##(# #○#
..'.#### #C# ###§#
####C# §.#§# #C..C#
.#§§# #C§.#### ≈####
...C§## §# .###


You could see 3 fire giants.

Vanquished Creatures
  A daeva (D)
  A hydra (D)
  2 centaur warriors (D)
  Sonja (D)
  A deep troll (D)
  A lindwurm (D)
  An oklob plant (D)
  A gargoyle (D)
  7 unseen horrors (D)
  2 kobold demonologists (D)
  3 demonic crawlers (D)
  A hornet (D)
  A slime creature (D)
  2 redbacks (D)
  Sigmund (D)
  11 hogs (D)
  A yak (D)
  4 floating eyes (D)
  7 necrophages (D)
  An ogre (D)
  8 jellies (D)
  Ijyb (D)
59 creatures vanquished.

Vanquished Creatures (collateral kills)
  8 shining eyes (D)
  3 floating eyes (D)
11 creatures vanquished.

Vanquished Creatures (others)
  A gargoyle (D)
  A demonic crawler (D)
  2 hogs (D)
  2 ballistomycete spores (D)
  47 foxfires (D)
53 creatures vanquished.

Grand Total: 123 creatures vanquished

Notes
Turn   | Place    | Note
-------+----------+-------------------------------------------
     0 | D        | Conn the Octopode Fire Elementalist began the quest for the
                  | Orb.
     0 | D        | Reached XP level 1. HP: 11/11 MP: 3/3
     2 | D        | Noticed Ijyb
    11 | D        | Killed Ijyb
    12 | D        | Reached skill level 5 in Fire Magic
    12 | D        | Reached XP level 2. HP: 17/17 MP: 4/6
    12 | D        | Reached XP level 3. HP: 21/21 MP: 4/7
    57 | D        | Learned a level 3 spell: Conjure Flame
    61 | D        | Learned a level 3 spell: Inner Flame
    62 | D        | Noticed an ogre
    71 | D        | Killed an ogre
    72 | D        | Reached skill level 7 in Fire Magic
    72 | D        | Reached XP level 4. HP: 27/27 MP: 0/9
   113 | D        | Killed a gargoyle
   165 | D        | Noticed Sigmund
   183 | D        | Killed Sigmund
   184 | D        | Reached skill level 5 in Stealth
   184 | D        | Reached skill level 1 in Hexes
   184 | D        | Reached skill level 10 in Fire Magic
   184 | D        | Reached XP level 5. HP: 14/31 MP: 4/11
   184 | D        | Reached XP level 6. HP: 17/36 MP: 4/12
   368 | D        | Found a shimmering blue altar of Sif Muna.
   369 | D        | Found an ornate altar of the Wu Jian Council.
   370 | D        | Found a radiant altar of Vehumet.
   465 | D        | Became a worshipper of Sif Muna the Loreminder
   473 | D        | Learned a level 4 spell: Sticky Flame
   474 | D        | Found Tasteofe's Armour Emporium.
   474 | D        | Found an ancient bone altar of Kikubaaqudgha.
   474 | D        | Found a hazy altar of Hepliaklqana.
   474 | D        | Found a stormy altar of Qazlal.
   474 | D        | Found a hide-covered altar of Uskayaw.
   474 | D        | Found a blossoming altar of Fedhas.
   474 | D        | Found a bloodstained altar of Trog.
   474 | D        | Found an iron altar of Okawaru.
   474 | D        | Found a basalt altar of Yredelemnul.
   474 | D        | Found a glowing golden altar of the Shining One.
   474 | D        | Found a snail-covered altar of Cheibriados.
   474 | D        | Found a sacrificial altar of Ru.
   474 | D        | Found a glowing silver altar of Zin.
   474 | D        | Found a shadowy altar of Dithmenos.
   474 | D        | Found a white marble altar of Elyvilon.
   474 | D        | Noticed a yak
   485 | D        | Killed a yak
   486 | D        | Reached skill level 5 in Spellcasting
   486 | D        | Reached skill level 5 in Conjurations
   486 | D        | Reached skill level 11 in Fire Magic
   584 | D        | Found an opulent altar of Gozag.
   585 | D        | Found a sparkling altar of Nemelex Xobeh.
   601 | D        | Found a burning altar of Makhleb.
   601 | D        | Found a viscous altar of Jiyva.
   601 | D        | Found a shimmering altar of Xom.
   601 | D        | Found a corrupted altar of Lugonu.
   601 | D        | Noticed a slime creature
   618 | D        | Killed a slime creature
   619 | D        | Reached skill level 1 in Fighting
   619 | D        | Reached skill level 12 in Fire Magic
   619 | D        | Reached XP level 7. HP: 34/43 MP: 4/15
   704 | D        | Learned a level 5 spell: Fireball
   736 | D        | Noticed Sonja
   740 | D        | Killed Sonja
   740 | D        | Reached * piety under Sif Muna
   741 | D        | Reached skill level 1 in Short Blades
   741 | D        | Reached skill level 5 in Dodging
   741 | D        | Reached skill level 13 in Fire Magic
   741 | D        | Reached XP level 8. HP: 9/48 MP: 0/17
  1054 | D        | Found Ophir's Distillery.
  1116 | D        | Noticed a deep troll
  1154 | D        | Killed a deep troll
  1155 | D        | Reached skill level 14 in Fire Magic
  1155 | D        | Reached XP level 9. HP: 54/54 MP: 5/19
  1236 | D        | Found Bekhum's Armour Emporium.
  1269 | D        | Noticed a centaur warrior
  1270 | D        | Noticed a centaur warrior
  1274 | D        | Killed a centaur warrior
  1275 | D        | Killed a centaur warrior
  1276 | D        | Reached skill level 15 in Fire Magic
  1444 | D        | Noticed a hornet
  1450 | D        | Killed a hornet
  1450 | D        | Reached ** piety under Sif Muna
  1537 | D        | Noticed an oklob plant
  1543 | D        | Killed an oklob plant
  1544 | D        | Reached XP level 10. HP: 61/61 MP: 11/22
  1611 | D        | Reached skill level 10 in Conjurations
  1708 | D        | Reached *** piety under Sif Muna
  1709 | D        | Reached skill level 5 in Invocations
  1748 | D        | Killed an unseen horror
  1757 | D        | Reached **** piety under Sif Muna
  1767 | D        | Killed an unseen horror
  1768 | D        | Reached skill level 16 in Fire Magic
  2061 | D        | Reached ***** piety under Sif Muna
  2061 | D        | Received a gift from Sif Muna
  2242 | D        | Found Peifoofyl's Armour Shoppe.
  2243 | D        | Found Guunem Muo's Jewellery Boutique.
  2243 | D        | Found Yfeybi's Weapon Shop.
  2243 | D        | Found Paisi's Assorted Antiques.
  2244 | D        | Found Hastin's Armour Emporium.
  2245 | D        | Found Qaqiunui's Antique Armour Boutique.
  2251 | D        | Identified the +6 short sword of Destiny {vorpal, rElec rN+
                  | MP+9}
  2265 | D        | Found Uhirphemm's Jewellery Emporium.
  2265 | D        | Found Omeich's Armour Shop.
  2265 | D        | Found Uhociuss's Distillery.
  2265 | D        | Found Usuveto's Antique Weapon Boutique.
  2265 | D        | Found Toyhecig's Weapon Emporium.
  2265 | D        | Found Taomokid's General Store.
  2265 | D        | Found Eqem's Book Shoppe.
  2269 | D        | Found Adien's Assorted Antiques.
  2277 | D        | Bought a blackened agate ring for 150 gold pieces
  2280 | D        | Bought a silver ring for 130 gold pieces
  2285 | D        | Bought a ring of magical power for 240 gold pieces
  2345 | D        | Bought a book of the Hunter for 364 gold pieces
  2349 | D        | Learned a level 3 spell: Call Canine Familiar
  2407 | D        | Noticed a shining eye
  2407 | D        | Noticed a shining eye
  2407 | D        | Noticed a shining eye
  2422 | D        | Received a gift from Sif Muna
  2423 | D        | Got Puaxkanti's Catalogue of Stolen Souls and Beguiling
                  | {god gift}
  2432 | D        | Learned a level 3 spell: Summon Guardian Golem
  2497 | D        | Killed a shining eye
  2498 | D        | Reached skill level 1 in Throwing
  2569 | D        | Killed a shining eye
  2570 | D        | Reached skill level 1 in Summonings
  2577 | D        | Paralysed by a floating eye for 2 turns
  2582 | D        | Paralysed by a floating eye for 4 turns
  2590 | D        | Paralysed by a floating eye for 4 turns
  2591 | D        | Reached skill level 10 in Spellcasting
  2640 | D        | Killed a shining eye
  2652 | D        | Noticed a shining eye
  2652 | D        | Noticed a shining eye
  2652 | D        | Noticed a shining eye
  2696 | D        | Killed a shining eye
  2750 | D        | Killed a shining eye
  2751 | D        | Reached XP level 11. HP: 67/67 MP: 25/25
  2787 | D        | Killed a shining eye
  2803 | D        | Noticed a shining eye
  2803 | D        | Noticed a shining eye
  2855 | D        | Killed a shining eye
  2910 | D        | Killed a shining eye
  2924 | D        | Found Love Virr's Jewellery Shoppe.
  2924 | D        | Found Vuexaytt's Jewellery Shop.
  2924 | D        | Found Ecva's Antique Armour Emporium.
  2924 | D        | Found Joreifuu's General Store.
  2950 | D        | Bought a runed buckler for 225 gold pieces
  2972 | D        | Bought a ring of wizardry for 390 gold pieces
  2972 | D        | Bought a ring of protection from cold for 325 gold pieces
  3103 | D        | Bought a potion of curing for 42 gold pieces
  3103 | D        | Bought a potion of heal wounds for 70 gold pieces
  3144 | D        | Received a gift from Sif Muna
  3148 | D        | Reached skill level 1 in Shields
  3152 | D        | Got Xoig's Compendium of Companions and Confrontation {god
                  | gift}
  3159 | D        | Learned a level 4 spell: Hailstorm
  3504 | D        | Noticed a lindwurm
  3520 | D        | HP: 1/67 [themself (15)]
  3521 | D        | Killed a lindwurm
  3877 | D        | Received a gift from Sif Muna
  3883 | D        | Reached skill level 5 in Hexes
  3890 | D        | Got Sif Muna's Papyrus of Excruciating Stones {god gift}
  3899 | D        | Learned a level 5 spell: Bolt of Magma
  4127 | D        | Reached ****** piety under Sif Muna
  4128 | D        | Reached skill level 17 in Fire Magic
  4242 | D        | Received a gift from Sif Muna
  4243 | D        | Got Sif Muna's Catalogue of the Arsonist and the Traveller
                  | {god gift}
  4284 | D        | Noticed a 12-headed hydra
  4292 | D        | Killed a 12-headed hydra
  4293 | D        | Reached skill level 1 in Earth Magic
  4707 | D        | Bought a ring of protection from cold for 300 gold pieces
  4897 | D        | Bought a ring of fire for 325 gold pieces
  4970 | D        | Reached skill level 5 in Shields
  4996 | D        | Learned a level 8 spell: Ignition
  5048 | D        | Noticed a daeva
  5062 | D        | Killed a daeva
  5063 | D        | Reached XP level 12. HP: 45/74 MP: 8/28
  5203 | D        | Received a gift from Sif Muna
  5204 | D        | Reached skill level 1 in Ice Magic
  5206 | D        | Got Sif Muna's Easy Wizardry {god gift}
  5230 | D        | Got the Handbook of Weightlessness
  5281 | D        | Noticed a fire giant
  5283 | D        | Noticed a fire giant
  5285 | D        | Noticed a fire giant
  5300 | D        | HP: 3/74 [fire giant/fireball (12)]
  5305 | D        | Killed from afar by a fire giant

Illustrated notes

Levels and vault maps discovered:
D:        dungeon_sprint_1 [red_sonja_temple_1, red_sonja_temple_small_1]

Skill      XL: |  1  2  3  4  5  6  7  8  9 10 11 12 |
---------------+-------------------------------------+-----
Stealth        | 3 4 5 6 7 |  7.5
Spellcasting   | 3 4 5 6 7 8 10 12 | 12.3
Fire Magic     | 5 7 10 12 13 14 15 16 17 | 17.7
Dodging        | 3 4 5 6 |  6.9
Conjurations   | 2 4 5 6 7 9 11 13 | 13.5
Hexes          | 1 2 3 5 |  5.5
Fighting       | 1 2 3 |  3.9
Short Blades   | 1 3 4 |  4.6
Invocations    | 4 5 |  5.4
Throwing       | 1 |  1.0
Summonings     | 3 4 |  4.4
Shields        | 5 6 |  6.3
Earth Magic    | 2 |  2.8
Ice Magic      | 1 |  1.2

Action                   |  1- 3 |  4- 6 |  7- 9 | 10-12 || total
-------------------------+-------+-------+-------+-------++-------
Melee: Unarmed           |     7 |       |       |       ||     7
       Constrict         |     1 |       |       |    13 ||    14
       Dagger            |       |     8 |       |       ||     8
       Tentacles         |       |     1 |       |     6 ||     7
       Short sword       |       |       |       |    50 ||    50
Throw: Dart              |       |       |     1 |     3 ||     4
 Cast: Foxfire           |     1 |     8 |     4 |    13 ||    26
       Inner Flame       |     1 |     1 |     1 |     2 ||     5
       Conjure Flame     |     1 |     1 |     2 |     2 ||     6
       Sticky Flame      |       |     1 |     1 |    21 ||    23
       Fireball          |       |       |    14 |    20 ||    34
       Summon Guardian G |       |       |       |    27 ||    27
       Call Canine Famil |       |       |       |    16 ||    16
       Bolt of Magma     |       |       |       |    22 ||    22
       Hailstorm         |       |       |       |    14 ||    14
Invok: Channel Magic     |       |       |     1 |     1 ||     2
       Forget Spell      |       |       |       |     2 ||     2
  Use: Potion            |     1 |     2 |     1 |     5 ||     9
       Scroll            |       |       |       |     4 ||     4
Armor: Skin              |       |       |       |    11 ||    11
Dodge: Dodged            |     3 |    11 |     1 |    65 ||    80
Block: Buckler           |       |       |       |    19 ||    19

Table legend: (Time is in decaauts)
 A = Elapsed time spent in this place.
 B = Non-inter-level travel time spent in this place.
 C = Inter-level travel time spent in this place.
 D = Time resting spent in this place.
 E = Time spent auto-exploring this place.
 F = Levels seen in this place.
 G = Mean time per level.
                   A        B        C        D        E       F      G
               +--------+--------+--------+--------+--------+-----+--------+
         Total |   5291 |   5153 |    138 |   3182 |      0 |   1 | 5291.0 |
       Dungeon |   5291 |   5153 |    138 |   3182 |      0 |   1 | 5291.0 |
               +--------+--------+--------+--------+--------+-----+--------+

Top non-repeatable levels by time:
       D: 5291 daAuts
